 Dungeon Crawl Stone Soup version 0.25.1-2-g60ff931df9 (webtiles) character file.

Game seed: 6667562108354870619

114 Johnny the Digger (level 4, -3/33 HPs)
             Began as a Demigod Earth Elementalist on Oct 21, 2020.
             Killed by divine providence
             ... invoked by an orc priest
              (10 damage)
             ... on level 2 of the Dungeon.
             The game lasted 00:02:41 (2492 turns).

Johnny the Digger (Demigod Earth Elementalist)      Turns: 2492, Time: 00:02:41

Health: -3/33      AC:  3    Str:  7    XL:     4   Next: 40%
Magic:  7/10       EV: 12    Int: 21    God:
Gold:   103        SH:  0    Dex: 16    Spells: 7/8 levels left

rFire    . . .     SeeInvis .   i - +0 dagger
rCold    . . .     Gourm    .   (no shield)
rNeg     . . .     Faith    .   c - +0 robe
rPois    .         Spirit   .   j - +0 helmet
rElec    .         Reflect  .   (no cloak)
rCorr    .         Harm     .   (no gloves)
MR       .....                  (no boots)
Stlth    ++........             (no amulet)
HPRegen  0.11/turn              m - -4 ring of strength (curse)
MPRegen  0.12/turn              (no ring)

@: no status effects
A: high mp 1
a: no special abilities


You were on level 2 of the Dungeon.
You were not hungry.

You visited 1 branch of the dungeon, and saw 3 of its levels.

You collected 103 gold pieces.

Inventory:

Hand Weapons
 i - a +0 dagger (weapon)
Armour
 c - a +0 robe (worn)
 j - a +0 helmet (worn)
Jewellery
 m - a cursed -4 ring of strength (left hand)
Scrolls
 e - 5 scrolls of remove curse {unknown}
 g - 4 scrolls of identify {unknown}
 h - a scroll of magic mapping {unknown}
Potions
 a - a potion of resistance {unknown}
 f - a potion of curing
 k - a potion of stabbing {unknown}
 l - a potion of cancellation {unknown}
Comestibles
 d - 4 rations


   Skills:
 - Level 1.7 Dodging
 - Level 1.7 Stealth
 + Level 2.7 Spellcasting
   Level 0.8 Transmutations
 * Level 4.4 Earth Magic


You had 7 spell levels left.
You knew the following spells:

 Your Spells              Type           Power        Failure   Level  Hunger
a - Sandblast             Erth           ###...       2%          1    None

Your spell library contained the following spells:

 Spells                   Type           Power        Failure   Level  Hunger
 Passwall                 Tmut/Erth      ##......     7%          2    ##.....
 Stone Arrow              Conj/Erth      ##....       17%         3    ###....
 Petrify                  Tmut/Erth      ##......     43%         4    ####...
 Lee's Rapid Deconstruct  Erth           ###.......   52%         5    ######.


Dungeon Overview and Level Annotations

Branches:
Dungeon (3/15)

Annotations:
D:3 Sigmund


Innate Abilities, Weirdness & Mutations

You have an increased reservoir of magic. (+10% MP)


Message History

You barely miss the orc priest.
The orc priest is severely wounded.
The orc priest closely misses you.
Unknown command.
Okay, then.
You hit the orc priest but do no damage.
The orc priest is severely wounded.
The orc priest hits you with a +0 flail.
* * * LOW HITPOINT WARNING * * *
Unknown command.
It was a potion of curing.
You feel better.
All of the chunks of flesh in your inventory have rotted away.
You closely miss the orc priest.
The orc priest is severely wounded.
The orc priest barely misses you.
You hit the orc priest but do no damage.
The orc priest is severely wounded.
The orc priest invokes the aid of Beogh against you.
Beogh smites you!
You die...

........##..##.#
#............#.#
...............##
...........(....####
...................##
.................#..#
.................##.#
.........).......##.#
................@##.##
.)).............o##..#
#.<..............###.#
#####........#...###.###
####..........####.....#
#.............# #.....#
#.............# #.....#
#.............# #.....#
#.............####.....#


You could see an orc priest.

Vanquished Creatures
  A worker ant (D:3)
  4 gnolls (D:2)
  2 worms (D:2)
  2 leopard geckos (D:1)
  A ball python (D:2)
  3 giant cockroaches
  3 goblins
  4 hobgoblins
  6 jackals (D:1)
  2 bats (D:1)
  2 frilled lizards
  9 kobolds (D:1)
  5 rats
44 creatures vanquished.

Notes
Turn   | Place    | Note
-------+----------+-------------------------------------------
     0 | D:1      | Johnny the Demigod Earth Elementalist began the quest for
                  | the Orb.
     0 | D:1      | Reached XP level 1. HP: 14/14 MP: 5/5
   173 | D:1      | Reached skill level 3 in Earth Magic
   313 | D:1      | Reached XP level 2. HP: 9/20 MP: 0/7
  1198 | D:1      | Reached XP level 3. HP: 19/26 MP: 3/8
  2258 | D:2      | Reached skill level 4 in Earth Magic
  2263 | D:2      | Reached XP level 4. HP: 26/33 MP: 3/10
  2328 | D:3      | Noticed Sigmund
  2492 | D:2      | Killed from afar by an orc priest

Illustrated notes

Levels and vault maps discovered:
D:1:      minmay_arrival_semitransparent, layout_basic
D:2:      layout_rooms
D:3:      layout_basic, nicolae_overflow_hidden_temple, uniq_sigmund

Skill      XL: |  1  2  3 |
---------------+----------+-----
Earth Magic    | 3 4 |  4.4
Spellcasting   | 2 |  2.7
Dodging        | |  1.7
Stealth        | |  1.7
Transmutations | |  0.8

Action                   |  1- 3 |  4- 6 || total
-------------------------+-------+-------++-------
Melee: Unarmed           |    13 |       ||    13
       Dagger            |    66 |    10 ||    76
 Cast: Sandblast         |    53 |    11 ||    64
  Use: Potion            |       |     1 ||     1
 Stab: Sleeping          |     3 |       ||     3
  Eat: Chunk             |     4 |     1 ||     5
Armor: Robe              |    18 |     1 ||    19
Dodge: Dodged            |    70 |    14 ||    84
